 Dungeon Crawl Stone Soup version 0.17-a0-1582-ge6b0260 (webtiles) character file.

97 Chiseanne the Skirmisher (level 4, -6/39 HPs)
             Began as a Demonspawn Wanderer on July 27, 2015.
             Mangled by an iron imp (10 damage)
             ... summoned by Natasha
             ... on level 2 of the Dungeon.
             The game lasted 00:04:04 (1779 turns).

Chiseanne the Skirmisher (Demonspawn Wanderer)      Turns: 1779, Time: 00:04:04

Health: -6/39      AC:  5    Str: 10    XL:     4   Next: 42%
Magic:  4/4        EV: 10    Int: 16    God:
Gold:   60         SH:  0    Dex: 13    Spells: 0 memorised, 3 levels left

rFire  . . .     SeeInvis .     a - +2 dagger
rCold  . . .     Clarity  .     j - +0 ring mail
rNeg   + . .     SustAt   .     (no shield)
rPois  .         Gourm    .     (helmet restricted)
rElec  .         Spirit   .     (no cloak)
rCorr  .         Warding  .     (no gloves)
rMut   .         Stasis   .     (no boots)
MR     .....                    (no amulet)
Stlth  +.........               (no ring)
                                o - ring of positive energy

@: not resistant to hostile enchantments, very unstealthy
A: horns 1, demonic guardian 1
a: no special abilities


You were on level 2 of the Dungeon.
You were not hungry.

You visited 1 branch of the dungeon, and saw 2 of its levels.

You collected 60 gold pieces.

Inventory:

Hand weapons
 a - a +2 dagger (weapon)
 e - a +0 hand crossbow
 s - a +0 falchion
Missiles
 d - 39 bolts
 h - 13 bolts of flame
 l - 54 arrows
 p - 14 exploding sling bullets
Armour
 f - a +0 robe
 j - a +0 ring mail (worn)
Jewellery
 o - a ring of positive energy (left hand)
Scrolls
 i - a scroll of remove curse {unknown}
 m - a scroll of recharging {unknown}
 q - a scroll of amnesia {unknown}
 r - a scroll of enchant armour {unknown}
Potions
 c - a potion of heal wounds {unknown}
 k - a potion of haste {unknown}
 n - a potion of invisibility {unknown}
 u - a potion of flight {unknown}
Comestibles
 g - 2 bread rations
 t - a beef jerky
 v - 2 chunks of flesh


   Skills:
 + Level 5.4 Fighting
 - Level 1.0 Long Blades
 + Level 1.6 Crossbows
 * Level 2.0 Armour
 + Level 2.2 Dodging
 - Level 1.0 Stealth
   Level 1.0 Shields


You had 3 spell levels left.
You didn't know any spells.

Dungeon Overview and Level Annotations

Branches:
Dungeon (2/15)

Altars:

Annotations:
D:2 Natasha


Innate Abilities, Weirdness & Mutations

You have a pair of small horns on your head.
A weak demonic guardian rushes to your aid.


Message History

You hit Natasha.
Natasha is heavily wounded.
Your iron imp hits the iron imp.
Natasha claws you.
You hit Natasha but do no damage. You headbutt Natasha, but do no damage.
Natasha is heavily wounded.
The crimson imp blinks!
The iron imp hits you.
* * * LOW HITPOINT WARNING * * *
Natasha claws you.
* * * LOW HITPOINT WARNING * * *
Your iron imp hits the iron imp.
You closely miss Natasha.
Natasha is heavily wounded.
The iron imp hits you.
* * * LOW HITPOINT WARNING * * *
Natasha casts a spell.
You hit Natasha.
Natasha is heavily wounded.
Your iron imp hits the iron imp but does no damage.
The iron imp hits you!
You die...

#.#.'.....# #########.
#.###.....# #......... ####.#
####### #.........
#....############ #.........
#...............#############.
#...<....5................# #.
#...##........5.#########.###.
#...'...........##........#...
#...###.....h@..##........#.##
##### #.....55..##........†.#
#####.........##........###
#..<.###########........#
#.##.# #.[......# #..#.#######
#........# ####.#.......#
#........#
#......#####.#####........#
######.##....##..'........#


You could see an iron imp, Natasha, 2 crimson imps and a friendly iron imp.

Vanquished Creatures
  Natasha (D:2)
  An adder (D:2)
  2 oozes
  2 worms (D:2)
  5 giant geckos
  3 hobgoblins (D:1)
  3 jackals (D:2)
  11 bats
  5 giant cockroaches
  4 giant newts
  6 kobolds
  5 rats
48 creatures vanquished.

Notes
Turn   | Place    | Note
--------------------------------------------------------------
     0 | D:1      | Chiseanne the Demonspawn Wanderer began the quest for the Orb.
     0 | D:1      | Chiseanne set off with: a +2 dagger, a potion of berserk rage, a +0 hand crossbow, 26 bolts, a +0 falchion, a +0 robe, a bread ration
     0 | D:1      | Reached XP level 1. HP: 21/21 MP: 1/1
   245 | D:1      | Gained mutation: You have a pair of small horns on your head. [demonic ancestry]
   245 | D:1      | Reached XP level 2. HP: 25/27 MP: 2/2
   516 | D:1      | Reached skill level 1 in Crossbows
   924 | D:1      | Gained mutation: A weak demonic guardian rushes to your aid. [demonic ancestry]
   924 | D:1      | Reached XP level 3. HP: 26/33 MP: 3/3
  1306 | D:2      | Noticed Natasha
  1324 | D:2      | Killed Natasha
  1324 | D:2      | Reached XP level 4. HP: 4/39 MP: 4/4
  1765 | D:2      | Noticed Natasha
  1779 | D:2      | Mangled by an iron imp

Vault maps used:
D:1:      minmay_arrival_stair_chambers
D:2:      first_bread, uniq_natasha

Action                   |  1- 3 |  4- 6 || total
-------------------------+-------+-------++-------
Melee: Dagger            |   154 |    25 ||   179
 Fire: Hand crossbow     |     8 |       ||     8
  Use: Potion            |     1 |       ||     1
       Scroll            |       |     1 ||     1
  Eat: Chunk             |     1 |     3 ||     4
